 Dungeon Crawl Stone Soup version 0.29.1-2-gbd0b4ee654 (webtiles) character file.

Game seed: 12061969146518751777

93 Ihaveafatcat the Chopper (level 4, -6/40 HPs)
             Began as a Hill Orc Fighter on Nov 16, 2022.
             Killed by nerve-wracking pain
             ... invoked by Grinder
              (11 damage)
             ... while paralysed by Grinder
             ... on level 3 of the Dungeon.
             The game lasted 00:03:13 (2689 turns).

Ihaveafatcat the Chopper (Hill Orc Fighter)         Turns: 2689, Time: 00:03:13

Health: -6/40      AC:  7    Str: 20    XL:     4   Next: 62%
Magic:  4/4        EV:  2    Int:  8    God:
Gold:   233        SH:  0    Dex: 10    Spells: 3/3 levels left

rFire   . . .      SeeInvis .   a - +0 war axe
rCold   . . .      Faith    .   c - +0 buckler
rNeg    . . .      Spirit   .   b - +0 scale mail
rPois   .          Reflect  .   (no helmet)
rElec   .          Harm     .   (no cloak)
rCorr   .          Rampage  .   (no gloves)
Will    .....                   (no boots)
Stlth   ..........              (no amulet)
HPRegen 0.13/turn               (no ring)
MPRegen 0.09/turn               (no ring)

@: paralysed
A: no striking features
a: no special abilities


You were on level 3 of the Dungeon.
You visited 1 branch of the dungeon, and saw 3 of its levels.

You collected 233 gold pieces.

Inventory:

Hand Weapons
 a - a +0 war axe (weapon)
Armour
 b - a +0 scale mail (worn)
 c - a +0 buckler (worn)
Scrolls
 f - 2 scrolls of fear {unknown}
 g - a scroll of enchant weapon {unknown}
 i - 4 scrolls of identify {unknown}
 l - a scroll of vulnerability {unknown}
 m - a scroll of magic mapping {unknown}
 n - a scroll of enchant armour {unknown}
Potions
 d - a potion of resistance {unknown}
 e - 2 potions of heal wounds {unknown}
 h - 2 potions of mutation {unknown}
 j - a potion of flight {unknown}
 k - 2 potions of attraction {unknown}


   Skills:
 + Level 4.2 Fighting
 + Level 4.5 Axes
 + Level 4.1 Armour
 + Level 0.1 Dodging
 + Level 3.5 Shields


You had 3 spell levels left.
You didn't know any spells.
Your spell library contained the following spells:

 Spells                   Type           Power      Damage    Failure   Level
 Beastly Appendage        Tmut           0%         N/A       85%         1
 Wereblood                Tmut           0%         N/A       94%         2
 Dazzling Flash           Conj/Hex       0%         N/A       99%         3
 Spider Form              Tmut/Pois      0%         N/A       99%         3
 Hailstorm                Conj/Ice       0%         3d3       100%        4
 Ice Form                 Ice/Tmut       0%         N/A       100%        4
 Agony                    Necr           0%         N/A       100%        5
 Silence                  Hex/Air        0%         N/A       100%        5
 Simulacrum               Ice/Necr       0%         N/A       100%        6


Dungeon Overview and Level Annotations

Branches:
Dungeon (3/15)

Altars:

Shops:
D:3 =([

Annotations:
D:3 Grinder


Message History

There are monsters nearby!
You are too injured to fight recklessly!
There are monsters nearby!
You are too injured to fight recklessly!
There are monsters nearby!
You are too injured to fight recklessly!
There are monsters nearby!
You are too injured to fight recklessly!
There are monsters nearby!
There are monsters nearby!
You are too injured to fight recklessly!
The adder closely misses you.
The endoplasm hits you but does no damage.
Grinder gestures at you.
You barely resist. You closely miss the adder.
The adder is heavily wounded.
You hit the endoplasm. You closely miss Grinder. The adder bites you.
The endoplasm freezes you.
You are frozen.
You block Grinder's attack. The adder bites you but does no damage.
You slash the adder!
You kill the adder!
You barely miss the endoplasm. You closely miss Grinder.
The endoplasm barely misses you. Grinder barely misses you.
Grinder gestures at you.
You suddenly lose the ability to move!
The endoplasm freezes you.
You are frozen.
The endoplasm hits you but does no damage.
Grinder hits you.
* * * LOW HITPOINT WARNING * * *
You writhe in agony.
* * * LOW HITPOINT WARNING * * *
The endoplasm freezes you.
You are frozen.
* * * LOW HITPOINT WARNING * * *
Grinder gestures at you. Pain shoots through your body!
You die...

######.#.. #..
#.....### #...
#.##### #..S #.#
... ###.# . ##.#
#...#
#.####..####
#.###
#.......†..####.#
#....5@.$##...#
#......J.^..###
#...........#
#........##......
#####.########...
#.# ... #.# ..
#.# . #.#


You could see Grinder and an endoplasm.

Vanquished Creatures
  4 adders
  2 worms (D:2)
  2 dart slugs
  An orc (D:3)
  2 bats (D:2)
  7 endoplasms
  A giant cockroach (D:1)
  A goblin (D:3)
  4 hobgoblins
  11 kobolds
  3 quokkas
  A frilled lizard (D:3)
  8 rats
47 creatures vanquished.

Notes
Turn   | Place    | Note
-------+----------+-------------------------------------------
     0 | D:1      | Ihaveafatcat the Hill Orc Fighter began the quest for the
                  | Orb.
     0 | D:1      | Reached XP level 1. HP: 19/19 MP: 1/1
   200 | D:1      | Reached XP level 2. HP: 27/27 MP: 2/2
   465 | D:1      | Found a faded altar of an unknown god.
   842 | D:2      | Reached XP level 3. HP: 32/33 MP: 3/3
  1632 | D:3      | Found Jofun's Antique Weapon Boutique.
  1643 | D:3      | HP: 1/33 [hobgoblin (4)]
  1648 | D:3      | HP: 1/33 [hobgoblin (1)]
  1955 | D:3      | Found Qiafah's Jewellery Shoppe.
  1987 | D:3      | Found Itum's Armour Emporium.
  2015 | D:3      | Reached XP level 4. HP: 30/40 MP: 4/4
  2500 | D:3      | Identified the +1 chain mail of the Lizard {Str+5}
  2674 | D:3      | Noticed Grinder
  2687 | D:3      | Paralysed by Grinder for 4 turns
  2689 | D:3      | Killed from afar by Grinder

Illustrated notes

Levels and vault maps discovered:
D:1:      scummos_arrival_simple_fountains, layout_loops_ring,
          shapermc_ecumenical_altar_hornbeckon
D:2:      layout_loops_ring
D:3:      layout_rooms, serial_shops, shop_coins, shop, shop_fountains,
          serial_co_window_serial, co_window_cross_1, co_window_cross_1,
          co_window_paths_a, co_window_corner_a, co_window_corner_a,
          co_window_2corner, co_window_cross_4, co_window_of_opportunity_b,
          glass_columns_a, glass_columns_a, glass_columns_a,
          kennysheep_generic_room_9, uniq_grinder

Skill      XL: |  1  2  3  4 |
---------------+-------------+-----
Axes           | 3 4 |  4.5
Fighting       | 4 |  4.2
Armour         | 4 |  4.1
Dodging        | |  0.1
Shields        | |  3.5

Action                   |  1- 3 |  4- 6 || total
-------------------------+-------+-------++-------
Melee: War axe           |    98 |    36 ||   134
  Use: Potion            |     1 |       ||     1
Armor: Scale mail        |    40 |    17 ||    57
Dodge: Dodged            |    51 |    21 ||    72
Block: Buckler           |    15 |    10 ||    25
